Kings vs Sharks

Created - 9 mars 2022 at 16:57

Goals
1 2 3 T
Kings 2 4 1 7
Sharks 3 2 0 5
Shots
1 2 3 T
Kings 13 14 18 45
Sharks 10 8 8 26

GoalsPenalties
1st period
1. Sharks , Cam Atkinson 16 (Josh Morrissey 48, J.T. Compher 29) at 1:29 (PP)
2. Kings , Kyle Connor 29 (Derek Forbort 11) at 9:30
3. Sharks , Philippe Myers 6 (Cam Atkinson 16, J.T. Compher 30) at 9:55
4. Kings , Shea Weber 12 (Scott Mayfield 31, Mike Hoffman 28) at 10:07
5. Sharks , Ryan Strome 26 (William Nylander 32, Josh Morrissey 49) at 14:50
Brock Boeser (LOS) for Tripping (Minor) at 0:49
Alex Pietrangelo (LOS) for Hooking (Minor) at 10:35
Yanni Gourde (LOS) for Interference (Minor) at 19:48
2nd period
6. Sharks , Nic Dowd 14 (Marcus Foligno 9, Cal Clutterbuck 7) at 2:15
7. Kings , William Karlsson 27 (Johnny Gaudreau 38, Zach Werenski 44) at 4:30
8. Kings , Teddy Blueger 17 (Corey Perry 8, Derek Forbort 12) at 11:37
9. Sharks , Nate Schmidt 7 (J.T. Compher 31, Josh Norris 41) at 14:21
10. Kings , Brock McGinn 8 (Shea Weber 34, David Kampf 13) at 14:49
11. Kings , Corey Perry 6 (Teddy Blueger 30, Zdeno Chara 31) at 17:06
No Penalty
3rd period
12. Kings , William Karlsson 28 (Johnny Gaudreau 39) at 10:31 (PP)
William Karlsson (LOS) for Holding (Minor) at 6:18
Alexander Edler (SAN) for Hooking (Minor) at 10:06
Nic Dowd (SAN) for Hooking (Minor) at 10:29
Philippe Myers (SAN) for Roughing (Minor) at 12:37
Goalie Stats
Michael Hutchinson (LOS), 14 saves from 15 shots - (0,933), W, 4-3-0, 37:45 minutes
Jordan Binnington (LOS), 7 saves from 11 shots - (0,636), 22:15 minutes
Mikko Koskinen (SAN), 38 saves from 45 shots - (0,844), L, 26-26-2, 60:00 minutes
3 StarsOfficial
1 - Teddy Blueger (LOS)
2 - Shea Weber (LOS)
3 - William Karlsson (LOS)
Referees : Tim Peel and Dave Lewis
Linesman : Kiel Murchison and Scott Driscoll
Game Note
Michael Hutchinson enters game at 2:15 of 2nd period



Team Name Goals Shots Shots Attemp Shots Blocked PIM HIT PP PK FO%
Kings 7458758181 / 3 (33%)155%
Sharks 52664156251 / 4 (25%)145%

Kings
Player Name POS G A P +/- PIM HIT SHT SB MP PP MP PP SHT PK MP PK SHT FO% FOT
Alex PietrangeloD0001201025:221:5802:5000% 0
Brock BoeserRW0000207017:522:1900:0000% 0
Brock McGinnLW/RW101003309:140:0002:4200% 1
Corey PerryLW/RW112101108:310:0000:0000% 0
David KampfC/LW/RW011000206:320:0000:00073% 11
Derek ForbortD022-1000014:370:0002:4800% 0
Johnny GaudreauLW/RW0221011020:272:0200:000100% 2
Kyle ConnorLW1011026120:272:0200:00033% 3
Mike HoffmanLW/RW0110004017:532:1910:000100% 2
Pierre-Edouard BellemareC0001001112:320:0004:01050% 6
Ryan CarpenterC/RW000000207:080:0000:360100% 3
Scott MayfieldD0112005019:260:0002:4800% 0
Shea WeberD1122001022:502:2303:4900% 0
Teddy BluegerC/LW1121032014:452:1903:55050% 12
William KarlssonC2021214022:262:0212:00056% 36
Yanni GourdeC/LW/RW0000252017:562:2300:00041% 22
Zach WerenskiD0111012123:321:5810:5900% 0
Zdeno CharaD011-1011211:490:0000:0000% 0
Sharks
Player Name POS G A P +/- PIM HIT SHT SB MP PP MP PP SHT PK MP PK SHT FO% FOT
Alexander EdlerD000-3251524:013:0502:0000% 0
Alexander NylanderLW/RW000-100207:140:0000:0000% 0
Cal ClutterbuckRW011-3013014:090:0002:070100% 1
Cam AtkinsonLW/RW1122012019:013:1920:5500% 1
Erik JohnsonD000-3031124:073:0512:0500% 0
J.T. CompherC/LW/RW0332022020:203:1922:1400% 10
Josh MorrisseyD022-1012022:083:3212:1600% 0
Josh NorrisC0112000018:063:1900:00050% 30
Luke GlendeningC/RW000-100009:210:0002:07064% 11
Marcus FolignoLW/RW011-3001012:020:0000:0000% 0
Nate SchmidtD1012002213:500:0000:0500% 0
Nic DowdC/RW101-3211013:180:0001:16053% 15
Philippe MyersD1012201213:440:0000:0000% 0
Ryan StromeC/RW1010012218:173:1810:00052% 23
Tyler PitlickC/LW/RW000-103207:140:0000:0000% 2
Vladimir TarasenkoRW0000031018:173:1800:00025% 4
Vladislav GavrikovD000-1022322:083:3222:1600% 0
William NylanderC/LW/RW0110021018:173:1800:0000% 1

Kings

5 vs 5 Forward
Line #Left WingCenterRight WingPHYDFOFWanted %Time %Time Play
1Kyle ConnorWilliam KarlssonJohnny Gaudreau0234038%18:25
2Brock BoeserYanni GourdeMike Hoffman0233632%15:34
3Pierre-Edouard BellemareTeddy BluegerCorey Perry1221617%8:31
4Brock McGinnDavid KampfRyan Carpenter221813%6:32
5 vs 5 Defense
Line #DefenseDefensePHYDFOFWanted %Time %Time Play
1Zach WerenskiAlex Pietrangelo1224442%20:35
2Scott MayfieldShea Weber1313634%16:38
3Derek ForbortZdeno Chara1402024%11:49
4Zach WerenskiShea Weber04100%0:00
Power Play Forward
Line #Left WingCenterRight WingPHYDFOFWanted %Time %Time Play
1Johnny GaudreauWilliam KarlssonKyle Connor0145347%2:02
2Mike HoffmanTeddy BluegerBrock Boeser0144753%2:19
Power Play Defense
Line #DefenseDefensePHYDFOFWanted %Time %Time Play
1Zach WerenskiAlex Pietrangelo0145545%1:58
2Shea WeberYanni Gourde0234555%2:23
Penalty Kill 4 Players Forward
Line #CenterWingPHYDFOFWanted %Time %Time Play
1Pierre-Edouard BellemareTeddy Blueger1405059%3:55
2William KarlssonBrock McGinn1405041%2:42
Penalty Kill 4 Players Defense
Line #DefenseDefensePHYDFOFWanted %Time %Time Play
1Derek ForbortScott Mayfield1405042%2:48
2Alex PietrangeloShea Weber1405058%3:49
Penalty Kill 3 Players
Line #WingPHYDFOFWanted %Time %Time PlayDefenseDefensePHYDFOFWanted %Time %Time Play
1Pierre-Edouard Bellemare050500%0:00 Scott MayfieldAlex Pietrangelo140500%0:00
2Teddy Blueger050500%0:00 Derek ForbortShea Weber140500%0:00
4 vs 4 Forward
Line #CenterWingPHYDFOFWanted %Time %Time Play
1William KarlssonKyle Connor023550%0:00
2Yanni GourdeJohnny Gaudreau023450%0:00
4 vs 4 Defense
Line #DefensePHYDFOFWanted %Time %Time Play
1Alex PietrangeloZach Werenski032500%0:00
2Scott MayfieldShea Weber032500%0:00
Last Minutes Offensive
Left WingCenterRight WingDefenseDefense
Johnny GaudreauWilliam KarlssonKyle ConnorBrock BoeserZach Werenski
Last Minutes Defensive
Left WingCenterRight WingDefenseDefense
Brock McGinnPierre-Edouard BellemareTeddy BluegerScott MayfieldShea Weber
Time
Total ForwardTotal DefenseLast Minutes OffensiveLast Minutes Defensive
60:00 60:00 0:000:00
Extra Forwards
Normal PowerPlayPenalty Kill
Johnny Gaudreau, Brock Boeser, Kyle ConnorYanni Gourde, Corey PerryRyan Carpenter
Extra Defensemen
Normal PowerPlayPenalty Kill
Zach Werenski, Shea Weber, Scott MayfieldZdeno Chara, Zach WerenskiZdeno Chara
Penalty Shots
Mike Hoffman, Johnny Gaudreau, Kyle Connor, Brock Boeser, Zach Werenski
Goalie
Jordan Binnington, Michael Hutchinson
Custom OT Lines Forwards
Kyle Connor, Johnny Gaudreau, William Karlsson, Mike Hoffman, Yanni Gourde, Brock Boeser, Teddy Blueger, Corey Perry, Pierre-Edouard Bellemare, Brock McGinn
Custom OT Lines Defensemen
Alex Pietrangelo, Zach Werenski, Shea Weber, Scott Mayfield, Zdeno Chara
Scratches
Niko Mikkola (Healthy), Jarred Tinordi (Healthy), Dylan McIlrath (Healthy)

Sharks

5 vs 5 Forward
Line #Left WingCenterRight WingPHYDFOFWanted %Time %Time Play
1William NylanderRyan StromeVladimir Tarasenko1223031%14:59
2Cam AtkinsonJosh NorrisJ.T. Compher1223030%14:47
3Marcus FolignoNic DowdCal Clutterbuck1222425%12:02
4Tyler PitlickLuke GlendeningAlexander Nylander1221615%7:14
5 vs 5 Defense
Line #DefenseDefensePHYDFOFWanted %Time %Time Play
1Alexander EdlerErik Johnson1223026%12:59
2Josh MorrisseyVladislav Gavrikov1223033%16:20
3Philippe MyersNate Schmidt1222428%13:45
4Alexander EdlerErik Johnson1221612%5:58
Power Play Forward
Line #Left WingCenterRight WingPHYDFOFWanted %Time %Time Play
1William NylanderRyan StromeVladimir Tarasenko1225050%3:18
2Cam AtkinsonJosh NorrisJ.T. Compher1225050%3:19
Power Play Defense
Line #DefenseDefensePHYDFOFWanted %Time %Time Play
1Alexander EdlerErik Johnson1225047%3:05
2Josh MorrisseyVladislav Gavrikov1225053%3:32
Penalty Kill 4 Players Forward
Line #CenterWingPHYDFOFWanted %Time %Time Play
1J.T. CompherNic Dowd1225051%2:12
2Luke GlendeningCal Clutterbuck1225049%2:07
Penalty Kill 4 Players Defense
Line #DefenseDefensePHYDFOFWanted %Time %Time Play
1Alexander EdlerErik Johnson1225047%2:03
2Josh MorrisseyVladislav Gavrikov1225053%2:16
Penalty Kill 3 Players
Line #WingPHYDFOFWanted %Time %Time PlayDefenseDefensePHYDFOFWanted %Time %Time Play
1J.T. Compher12250100%0:02 Alexander EdlerErik Johnson12250100%0:02
2Nic Dowd122500%0:00 Josh MorrisseyVladislav Gavrikov122500%0:00
4 vs 4 Forward
Line #CenterWingPHYDFOFWanted %Time %Time Play
1Ryan StromeMarcus Foligno122500%0:00
2Vladimir TarasenkoCam Atkinson122500%0:00
4 vs 4 Defense
Line #DefensePHYDFOFWanted %Time %Time Play
1Alexander EdlerErik Johnson122500%0:00
2Josh MorrisseyVladislav Gavrikov122500%0:00
Last Minutes Offensive
Left WingCenterRight WingDefenseDefense
Marcus FolignoRyan StromeVladimir TarasenkoAlexander EdlerErik Johnson
Last Minutes Defensive
Left WingCenterRight WingDefenseDefense
Marcus FolignoJ.T. CompherLuke GlendeningAlexander EdlerErik Johnson
Time
Total ForwardTotal DefenseLast Minutes OffensiveLast Minutes Defensive
60:00 60:00 0:000:00
Extra Forwards
Normal PowerPlayPenalty Kill
Josh Norris, Nic Dowd, J.T. CompherJosh Norris, Nic DowdJ.T. Compher
Extra Defensemen
Normal PowerPlayPenalty Kill
Philippe Myers, Nate Schmidt, Josh MorrisseyPhilippe Myers, Nate SchmidtJosh Morrissey
Penalty Shots
Ryan Strome, Marcus Foligno, Vladimir Tarasenko, Cam Atkinson, William Nylander
Goalie
Mikko Koskinen, Carter Hart
Custom OT Lines Forwards
Ryan Strome, Marcus Foligno, Vladimir Tarasenko, Cam Atkinson, William Nylander, Cal Clutterbuck, Josh Norris, Nic Dowd, J.T. Compher, Luke Glendening
Custom OT Lines Defensemen
Alexander Edler, Erik Johnson, Josh Morrissey, Vladislav Gavrikov, Philippe Myers
Scratches
Zane McIntyre (Healthy)


Play-by-Play

1st period


0:01 of 1st period - William Karlsson wins face-off versus Ryan Strome in neutral zone.
0:04 of 1st period - Erik Johnson is hit by William Karlsson and loses puck.
0:19 of 1st period - Shot by Ryan Strome.
0:19 of 1st period - Shot Misses the Net.
0:49 of 1st period - Minor Penalty to Brock Boeser for Tripping.
0:50 of 1st period - Pierre-Edouard Bellemare wins face-off versus Josh Norris in Kings zone.
1:07 of 1st period - Shot by Vladislav Gavrikov.
1:07 of 1st period - Stopped by Jordan Binnington without a rebound.
1:08 of 1st period - Josh Norris wins face-off versus Pierre-Edouard Bellemare in Kings zone.
1:15 of 1st period - Shot by Cam Atkinson.
1:15 of 1st period - Shot Misses the Net.
1:29 of 1st period - Shot by Cam Atkinson.
1:29 of 1st period - Goal by Cam Atkinson - Kings : 0 - Sharks : 1.
1:30 of 1st period - Yanni Gourde wins face-off versus Nic Dowd in neutral zone.
1:55 of 1st period - Nic Dowd is hit by Yanni Gourde and loses puck.
2:00 of 1st period - Shot by Mike Hoffman.
2:00 of 1st period - Shot Misses the Net.
2:02 of 1st period - Shot by Zdeno Chara.
2:02 of 1st period - Shot Hit the Post.
2:04 of 1st period - Shot by Yanni Gourde.
2:04 of 1st period - Shot Misses the Net.
2:56 of 1st period - Shot by J.T. Compher.
2:56 of 1st period - Shot Misses the Net.
3:36 of 1st period - Shea Weber is hit by Tyler Pitlick and loses puck.
3:45 of 1st period - Shot by Alexander Edler.
3:45 of 1st period - Stopped by Jordan Binnington without a rebound.
3:46 of 1st period - Vladimir Tarasenko wins face-off versus Kyle Connor in Kings zone.
3:54 of 1st period - Icing by Johnny Gaudreau.
3:55 of 1st period - William Karlsson wins face-off versus Ryan Strome in Kings zone.
4:10 of 1st period - Shot by Ryan Strome.
4:10 of 1st period - Shot Misses the Net.
4:22 of 1st period - Shot by Johnny Gaudreau.
4:22 of 1st period - Shot Blocked by Philippe Myers.
4:24 of 1st period - Shot by William Karlsson.
4:24 of 1st period - Shot Blocked by Nate Schmidt.
4:26 of 1st period - Shot by William Karlsson.
4:26 of 1st period - Stopped by Mikko Koskinen without a rebound.
4:27 of 1st period - Mike Hoffman wins face-off versus J.T. Compher in Sharks zone.
4:36 of 1st period - Shot by Mike Hoffman.
4:36 of 1st period - Shot Misses the Net.
4:38 of 1st period - Shot by Yanni Gourde.
4:38 of 1st period - Stopped by Mikko Koskinen without a rebound.
4:39 of 1st period - David Kampf wins face-off versus Luke Glendening in Sharks zone.
5:06 of 1st period - Icing by Zach Werenski.
5:07 of 1st period - David Kampf wins face-off versus Josh Norris in Kings zone.
5:12 of 1st period - Shot by Zach Werenski.
5:12 of 1st period - Shot Misses the Net.
5:22 of 1st period - Shot by David Kampf.
5:22 of 1st period - Shot Misses the Net.
5:53 of 1st period - Icing by Josh Norris.
5:54 of 1st period - Josh Norris wins face-off versus William Karlsson in Sharks zone.
5:56 of 1st period - Icing by Cam Atkinson.
5:57 of 1st period - Josh Norris wins face-off versus William Karlsson in Sharks zone.
6:22 of 1st period - Shot by Johnny Gaudreau.
6:22 of 1st period - Deflect By Kyle Connor.
6:22 of 1st period - Stopped by Mikko Koskinen without a rebound.
6:23 of 1st period - Ryan Strome wins face-off versus Yanni Gourde in Sharks zone.
6:36 of 1st period - Shot by Yanni Gourde.
6:36 of 1st period - Shot Blocked by Erik Johnson.
6:38 of 1st period - Shot by Brock Boeser.
6:38 of 1st period - Stopped by Mikko Koskinen with a rebound.
6:40 of 1st period - Shot by Brock Boeser.
6:40 of 1st period - Shot Blocked by Alexander Edler.
6:44 of 1st period - Shot by Brock Boeser.
6:44 of 1st period - Stopped by Mikko Koskinen without a rebound.
6:45 of 1st period - William Karlsson wins face-off versus Nic Dowd in Sharks zone.
7:12 of 1st period - Shot by Nate Schmidt.
7:12 of 1st period - Stopped by Jordan Binnington without a rebound.
7:13 of 1st period - Ryan Strome wins face-off versus Yanni Gourde in Kings zone.
7:28 of 1st period - Icing by Erik Johnson.
7:29 of 1st period - Teddy Blueger wins face-off versus Ryan Strome in Sharks zone.
7:30 of 1st period - Shot by Zach Werenski.
7:30 of 1st period - Shot Blocked by Alexander Edler.
8:02 of 1st period - Shot by William Nylander.
8:02 of 1st period - Shot Blocked by Pierre-Edouard Bellemare.
8:04 of 1st period - Shot by Ryan Strome.
8:04 of 1st period - Shot Blocked by Zach Werenski.
8:06 of 1st period - Shot by Erik Johnson.
8:06 of 1st period - Shot Misses the Net.
9:16 of 1st period - Shot by Mike Hoffman.
9:16 of 1st period - Stopped by Mikko Koskinen with a rebound.
9:20 of 1st period - Shot by Brock Boeser.
9:20 of 1st period - Stopped by Mikko Koskinen without a rebound.
9:21 of 1st period - William Karlsson wins face-off versus Nic Dowd in Sharks zone.
9:30 of 1st period - Shot by Kyle Connor.
9:30 of 1st period - Goal by Kyle Connor - Kings : 1 - Sharks : 1.
9:31 of 1st period - William Karlsson wins face-off versus Josh Norris in neutral zone.
9:53 of 1st period - Shot by J.T. Compher.
9:53 of 1st period - Deflect By Cam Atkinson.
9:53 of 1st period - Shot Blocked by Zdeno Chara.
9:55 of 1st period - Shot by Philippe Myers.
9:55 of 1st period - Goal by Philippe Myers - Kings : 1 - Sharks : 2.
9:56 of 1st period - Yanni Gourde wins face-off versus Nic Dowd in neutral zone.
10:03 of 1st period - Shot by Mike Hoffman.
10:03 of 1st period - Stopped by Mikko Koskinen with a rebound.
10:05 of 1st period - Shot by Scott Mayfield.
10:05 of 1st period - Shot Misses the Net.
10:07 of 1st period - Shot by Shea Weber.
10:07 of 1st period - Goal by Shea Weber - Kings : 2 - Sharks : 2.
10:08 of 1st period - William Karlsson wins face-off versus Ryan Strome in neutral zone.
10:19 of 1st period - Icing by William Karlsson.
10:20 of 1st period - Nic Dowd wins face-off versus William Karlsson in Kings zone.
10:20 of 1st period - Nic Dowd is hit by Zach Werenski.
10:35 of 1st period - Minor Penalty to Alex Pietrangelo for Hooking.
10:36 of 1st period - Ryan Strome wins face-off versus William Karlsson in Kings zone.
10:58 of 1st period - Icing by Josh Morrissey.
10:59 of 1st period - Ryan Strome wins face-off versus Pierre-Edouard Bellemare in Sharks zone.
10:59 of 1st period - Ryan Strome is hit by Teddy Blueger.
11:05 of 1st period - Shot by Josh Morrissey.
11:05 of 1st period - Shot Misses the Net.
11:07 of 1st period - Shot by Ryan Strome.
11:07 of 1st period - Shot Misses the Net.
11:09 of 1st period - Shot by Josh Morrissey.
11:09 of 1st period - Shot Misses the Net.
11:11 of 1st period - Shot by Vladislav Gavrikov.
11:11 of 1st period - Stopped by Jordan Binnington without a rebound.
11:12 of 1st period - Josh Norris wins face-off versus William Karlsson in Kings zone.
11:23 of 1st period - Shot by Cam Atkinson.
11:23 of 1st period - Stopped by Jordan Binnington without a rebound.
11:24 of 1st period - Ryan Strome wins face-off versus Pierre-Edouard Bellemare in Kings zone.
12:06 of 1st period - Shot by Ryan Strome.
12:06 of 1st period - Stopped by Jordan Binnington without a rebound.
12:07 of 1st period - William Karlsson wins face-off versus Cam Atkinson in Kings zone.
12:22 of 1st period - Shot by Josh Morrissey.
12:22 of 1st period - Stopped by Jordan Binnington without a rebound.
12:23 of 1st period - Josh Norris wins face-off versus William Karlsson in Kings zone.
13:17 of 1st period - Shot by Brock Boeser.
13:17 of 1st period - Stopped by Mikko Koskinen without a rebound.
13:18 of 1st period - William Karlsson wins face-off versus J.T. Compher in Sharks zone.
13:21 of 1st period - Shot by William Karlsson.
13:21 of 1st period - Shot Blocked by Alexander Edler.
13:55 of 1st period - Kyle Connor is hit by Alexander Edler and loses puck.
13:59 of 1st period - Icing by Erik Johnson.
14:00 of 1st period - David Kampf wins face-off versus Josh Norris in Sharks zone.
14:46 of 1st period - Shot by William Nylander.
14:46 of 1st period - Shot Misses the Net.
14:48 of 1st period - Shot by Ryan Strome.
14:48 of 1st period - Shot Blocked by Zdeno Chara.
14:50 of 1st period - Shot by Ryan Strome.
14:50 of 1st period - Goal by Ryan Strome - Kings : 2 - Sharks : 3.
14:51 of 1st period - Yanni Gourde wins face-off versus Tyler Pitlick in neutral zone.
16:33 of 1st period - Cal Clutterbuck is hit by Kyle Connor and loses puck.
17:30 of 1st period - Vladimir Tarasenko is hit by Zdeno Chara and loses puck.
17:56 of 1st period - Off-side.
17:57 of 1st period - David Kampf wins face-off versus Luke Glendening in neutral zone.
17:59 of 1st period - Scott Mayfield is hit by Tyler Pitlick and loses puck.
18:16 of 1st period - Shot by David Kampf.
18:16 of 1st period - Shot Blocked by Philippe Myers.
18:24 of 1st period - Shot by Ryan Carpenter.
18:24 of 1st period - Stopped by Mikko Koskinen with a rebound.
18:30 of 1st period - Shot by Brock McGinn.
18:30 of 1st period - Shot Misses the Net.
18:32 of 1st period - Shot by David Kampf.
18:32 of 1st period - Stopped by Mikko Koskinen without a rebound.
18:33 of 1st period - William Karlsson wins face-off versus J.T. Compher in Sharks zone.
19:08 of 1st period - Kyle Connor is hit by Vladislav Gavrikov and loses puck.
19:48 of 1st period - Minor Penalty to Yanni Gourde for Interference.
19:49 of 1st period - Pierre-Edouard Bellemare wins face-off versus Ryan Strome in Kings zone.
Goals for this period are 2 for Kings vs 3 for Sharks.
Shots for this period are 13 for Kings vs 10 for Sharks.

2nd period


0:01 of 2nd period - William Karlsson wins face-off versus Josh Norris in neutral zone.
0:18 of 2nd period - Cam Atkinson is hit by Brock McGinn.
0:42 of 2nd period - Shot by Josh Norris.
0:42 of 2nd period - Shot Misses the Net.
1:19 of 2nd period - Shea Weber is hit by Vladimir Tarasenko and loses puck.
1:49 of 2nd period - Icing by Alex Pietrangelo.
1:50 of 2nd period - Nic Dowd wins face-off versus Yanni Gourde in Kings zone.
2:11 of 2nd period - Shot by Nic Dowd.
2:11 of 2nd period - Shot Misses the Net.
2:13 of 2nd period - Shot by Marcus Foligno.
2:13 of 2nd period - Shot Misses the Net.
2:15 of 2nd period - Shot by Nic Dowd.
2:15 of 2nd period - Goal by Nic Dowd - Kings : 2 - Sharks : 4.
2:15 of 2nd period - Michael Hutchinson enters game.
2:16 of 2nd period - Josh Norris wins face-off versus William Karlsson in neutral zone.
3:18 of 2nd period - Shot by Mike Hoffman.
3:18 of 2nd period - Deflect By Brock Boeser.
3:18 of 2nd period - Stopped by Mikko Koskinen with a rebound.
3:20 of 2nd period - Shot by Scott Mayfield.
3:20 of 2nd period - Stopped by Mikko Koskinen with a rebound.
3:22 of 2nd period - Shot by Scott Mayfield.
3:22 of 2nd period - Stopped by Mikko Koskinen without a rebound.
3:23 of 2nd period - Pierre-Edouard Bellemare wins face-off versus Ryan Strome in Sharks zone.
3:24 of 2nd period - Shot by Zdeno Chara.
3:24 of 2nd period - Stopped by Mikko Koskinen without a rebound.
3:25 of 2nd period - Ryan Strome wins face-off versus Yanni Gourde in Sharks zone.
3:27 of 2nd period - Vladislav Gavrikov is hit by Yanni Gourde and loses puck.
3:34 of 2nd period - Shot by Shea Weber.
3:34 of 2nd period - Deflect By Brock Boeser.
3:34 of 2nd period - Stopped by Mikko Koskinen with a rebound.
3:36 of 2nd period - Shot by Yanni Gourde.
3:36 of 2nd period - Stopped by Mikko Koskinen without a rebound.
3:37 of 2nd period - Nic Dowd wins face-off versus Teddy Blueger in Sharks zone.
3:37 of 2nd period - Nic Dowd is hit by Corey Perry.
3:43 of 2nd period - Derek Forbort is hit by Cal Clutterbuck and loses puck.
3:47 of 2nd period - Icing by Zdeno Chara.
3:48 of 2nd period - Teddy Blueger wins face-off versus Ryan Strome in Kings zone.
4:08 of 2nd period - Shot by Pierre-Edouard Bellemare.
4:08 of 2nd period - Shot Blocked by Vladislav Gavrikov.
4:10 of 2nd period - Shot by Teddy Blueger.
4:10 of 2nd period - Deflect By Pierre-Edouard Bellemare.
4:10 of 2nd period - Shot Misses the Net.
4:12 of 2nd period - Shot by Zdeno Chara.
4:12 of 2nd period - Shot Blocked by Ryan Strome.
4:14 of 2nd period - Shot by Teddy Blueger.
4:14 of 2nd period - Stopped by Mikko Koskinen without a rebound.
4:15 of 2nd period - Nic Dowd wins face-off versus Kyle Connor in Sharks zone.
4:30 of 2nd period - Shot by William Karlsson.
4:30 of 2nd period - Goal by William Karlsson - Kings : 3 - Sharks : 4.
4:31 of 2nd period - Yanni Gourde wins face-off versus Vladimir Tarasenko in neutral zone.
4:31 of 2nd period - Shea Weber is hit by Vladimir Tarasenko and loses puck.
5:43 of 2nd period - Icing by Kyle Connor.
5:44 of 2nd period - Josh Norris wins face-off versus William Karlsson in Kings zone.
6:05 of 2nd period - Shot by Alex Pietrangelo.
6:05 of 2nd period - Shot Misses the Net.
6:07 of 2nd period - Shot by Zach Werenski.
6:07 of 2nd period - Stopped by Mikko Koskinen without a rebound.
6:08 of 2nd period - Luke Glendening wins face-off versus Teddy Blueger in Sharks zone.
6:17 of 2nd period - Off-side.
6:18 of 2nd period - David Kampf wins face-off versus Vladimir Tarasenko in neutral zone.
6:20 of 2nd period - Alex Pietrangelo is hit by Alexander Edler and loses puck.
6:36 of 2nd period - Shot by Brock McGinn.
6:36 of 2nd period - Shot Misses the Net.
6:41 of 2nd period - Ryan Carpenter is hit by Erik Johnson and loses puck.
7:11 of 2nd period - Icing by Alex Pietrangelo.
7:12 of 2nd period - Luke Glendening wins face-off versus David Kampf in Kings zone.
7:15 of 2nd period - Shot by Alexander Nylander.
7:15 of 2nd period - Stopped by Michael Hutchinson with a rebound.
7:17 of 2nd period - Shot by Vladislav Gavrikov.
7:17 of 2nd period - Shot Misses the Net.
7:19 of 2nd period - Shot by Tyler Pitlick.
7:19 of 2nd period - Shot Misses the Net.
7:21 of 2nd period - Shot by Tyler Pitlick.
7:21 of 2nd period - Deflect By Alexander Nylander.
7:21 of 2nd period - Stopped by Michael Hutchinson without a rebound.
7:22 of 2nd period - William Karlsson wins face-off versus Josh Norris in Kings zone.
7:27 of 2nd period - J.T. Compher is hit by Johnny Gaudreau and loses puck.
7:42 of 2nd period - Shot by Kyle Connor.
7:42 of 2nd period - Stopped by Mikko Koskinen without a rebound.
7:43 of 2nd period - Yanni Gourde wins face-off versus Nic Dowd in Sharks zone.
7:49 of 2nd period - Icing by Nic Dowd.
7:50 of 2nd period - William Karlsson wins face-off versus Nic Dowd in Sharks zone.
7:55 of 2nd period - Shot by Kyle Connor.
7:55 of 2nd period - Shot Misses the Net.
7:58 of 2nd period - Icing by Vladislav Gavrikov.
7:59 of 2nd period - Nic Dowd wins face-off versus William Karlsson in Sharks zone.
8:30 of 2nd period - Shot by Cal Clutterbuck.
8:30 of 2nd period - Stopped by Michael Hutchinson with a rebound.
8:41 of 2nd period - Off-side.
8:42 of 2nd period - Ryan Strome wins face-off versus Yanni Gourde in neutral zone.
9:05 of 2nd period - Shot by Brock Boeser.
9:05 of 2nd period - Shot Blocked by Alexander Edler.
9:07 of 2nd period - Shot by Scott Mayfield.
9:07 of 2nd period - Stopped by Mikko Koskinen without a rebound.
9:08 of 2nd period - Josh Norris wins face-off versus Teddy Blueger in Sharks zone.
9:10 of 2nd period - Icing by Cam Atkinson.
9:11 of 2nd period - Josh Norris wins face-off versus William Karlsson in Sharks zone.
9:23 of 2nd period - Icing by Alex Pietrangelo.
9:24 of 2nd period - Ryan Strome wins face-off versus William Karlsson in Kings zone.
9:31 of 2nd period - Shot by Johnny Gaudreau.
9:31 of 2nd period - Shot Blocked by Alexander Edler.
9:33 of 2nd period - Shot by Alex Pietrangelo.
9:33 of 2nd period - Shot Misses the Net.
9:50 of 2nd period - Johnny Gaudreau is hit by Alexander Edler and loses puck.
10:52 of 2nd period - Luke Glendening is hit by Yanni Gourde and loses puck.
11:22 of 2nd period - Nate Schmidt is hit by Teddy Blueger and loses puck.
11:37 of 2nd period - Shot by Teddy Blueger.
11:37 of 2nd period - Goal by Teddy Blueger - Kings : 4 - Sharks : 4.
11:38 of 2nd period - David Kampf wins face-off versus Josh Norris in neutral zone.
12:00 of 2nd period - Vladislav Gavrikov is hit by Brock McGinn and loses puck.
12:37 of 2nd period - Shot by Vladimir Tarasenko.
12:37 of 2nd period - Stopped by Michael Hutchinson without a rebound.
12:38 of 2nd period - Nic Dowd wins face-off versus Yanni Gourde in Kings zone.
12:39 of 2nd period - Shot by Cal Clutterbuck.
12:39 of 2nd period - Stopped by Michael Hutchinson with a rebound.
13:23 of 2nd period - Alexander Edler is hit by Yanni Gourde.
13:34 of 2nd period - Icing by Erik Johnson.
13:35 of 2nd period - William Karlsson wins face-off versus Nic Dowd in Sharks zone.
13:35 of 2nd period - William Karlsson is hit by Alexander Edler.
14:07 of 2nd period - Shot by Ryan Strome.
14:07 of 2nd period - Shot Blocked by Kyle Connor.
14:09 of 2nd period - Shot by Josh Morrissey.
14:09 of 2nd period - Stopped by Michael Hutchinson without a rebound.
14:10 of 2nd period - Josh Norris wins face-off versus Teddy Blueger in Kings zone.
14:21 of 2nd period - Shot by Nate Schmidt.
14:21 of 2nd period - Goal by Nate Schmidt - Kings : 4 - Sharks : 5.
14:22 of 2nd period - David Kampf wins face-off versus Ryan Strome in neutral zone.
14:22 of 2nd period - Ryan Carpenter is hit by Vladimir Tarasenko and loses puck.
14:45 of 2nd period - Shot by Brock McGinn.
14:45 of 2nd period - Shot Blocked by Vladislav Gavrikov.
14:47 of 2nd period - Shot by Shea Weber.
14:47 of 2nd period - Shot Blocked by Vladislav Gavrikov.
14:49 of 2nd period - Shot by Brock McGinn.
14:49 of 2nd period - Goal by Brock McGinn - Kings : 5 - Sharks : 5.
14:50 of 2nd period - Josh Norris wins face-off versus Yanni Gourde in neutral zone.
14:53 of 2nd period - Brock Boeser is hit by Cam Atkinson.
15:36 of 2nd period - Icing by Alexander Edler.
15:37 of 2nd period - William Karlsson wins face-off versus Josh Norris in Sharks zone.
15:38 of 2nd period - Shot by Scott Mayfield.
15:38 of 2nd period - Deflect By Johnny Gaudreau.
15:38 of 2nd period - Shot Misses the Net.
17:01 of 2nd period - Teddy Blueger is hit by Josh Morrissey and loses puck.
17:06 of 2nd period - Shot by Corey Perry.
17:06 of 2nd period - Goal by Corey Perry - Kings : 6 - Sharks : 5.
17:07 of 2nd period - Luke Glendening wins face-off versus Yanni Gourde in neutral zone.
17:30 of 2nd period - Icing by Alexander Nylander.
17:31 of 2nd period - Luke Glendening wins face-off versus Teddy Blueger in Sharks zone.
17:59 of 2nd period - Icing by Derek Forbort.
18:00 of 2nd period - Josh Norris wins face-off versus Teddy Blueger in Kings zone.
18:07 of 2nd period - Shot by J.T. Compher.
18:07 of 2nd period - Shot Misses the Net.
18:09 of 2nd period - Shot by J.T. Compher.
18:09 of 2nd period - Shot Misses the Net.
18:19 of 2nd period - Shot by Josh Morrissey.
18:19 of 2nd period - Shot Misses the Net.
18:21 of 2nd period - Shot by J.T. Compher.
18:21 of 2nd period - Shot Misses the Net.
18:23 of 2nd period - Shot by Cam Atkinson.
18:23 of 2nd period - Shot Misses the Net.
18:55 of 2nd period - Philippe Myers is hit by Teddy Blueger and loses puck.
Goals for this period are 4 for Kings vs 2 for Sharks.
Shots for this period are 14 for Kings vs 8 for Sharks.

3rd period


0:01 of 3rd period - Yanni Gourde wins face-off versus J.T. Compher in neutral zone.
0:53 of 3rd period - Icing by Zach Werenski.
0:54 of 3rd period - Yanni Gourde wins face-off versus Ryan Strome in Kings zone.
1:17 of 3rd period - Scott Mayfield is hit by William Nylander and loses puck.
2:21 of 3rd period - Shot by Nic Dowd.
2:21 of 3rd period - Shot Misses the Net.
2:41 of 3rd period - Shot by Corey Perry.
2:41 of 3rd period - Shot Misses the Net.
3:04 of 3rd period - Marcus Foligno is hit by Yanni Gourde and loses puck.
3:24 of 3rd period - Shot by Alex Pietrangelo.
3:24 of 3rd period - Shot Blocked by Nate Schmidt.
3:26 of 3rd period - Shot by Zach Werenski.
3:26 of 3rd period - Shot Misses the Net.
3:28 of 3rd period - Shot by Alex Pietrangelo.
3:28 of 3rd period - Stopped by Mikko Koskinen without a rebound.
3:29 of 3rd period - Ryan Carpenter wins face-off versus Josh Norris in Sharks zone.
3:29 of 3rd period - Alex Pietrangelo is hit by Erik Johnson and loses puck.
3:54 of 3rd period - Erik Johnson is hit by Brock McGinn and loses puck.
4:01 of 3rd period - Shot by Ryan Carpenter.
4:01 of 3rd period - Stopped by Mikko Koskinen without a rebound.
4:02 of 3rd period - William Karlsson wins face-off versus Tyler Pitlick in Sharks zone.
4:03 of 3rd period - Shot by Johnny Gaudreau.
4:03 of 3rd period - Shot Misses the Net.
4:05 of 3rd period - Shot by Kyle Connor.
4:05 of 3rd period - Stopped by Mikko Koskinen without a rebound.
4:06 of 3rd period - Yanni Gourde wins face-off versus Vladimir Tarasenko in Sharks zone.
4:13 of 3rd period - Shot by William Nylander.
4:13 of 3rd period - Stopped by Michael Hutchinson without a rebound.
4:14 of 3rd period - Kyle Connor wins face-off versus Luke Glendening in Kings zone.
4:14 of 3rd period - Kyle Connor is hit by Tyler Pitlick.
5:00 of 3rd period - Icing by Alexander Edler.
5:01 of 3rd period - Luke Glendening wins face-off versus Yanni Gourde in Sharks zone.
5:26 of 3rd period - Alex Pietrangelo is hit by Ryan Strome and loses puck.
6:11 of 3rd period - Shot by Pierre-Edouard Bellemare.
6:11 of 3rd period - Stopped by Mikko Koskinen without a rebound.
6:12 of 3rd period - William Karlsson wins face-off versus Josh Norris in Sharks zone.
6:18 of 3rd period - Minor Penalty to William Karlsson for Holding.
6:19 of 3rd period - Josh Norris wins face-off versus Brock McGinn in Kings zone.
6:20 of 3rd period - Shot by Alexander Edler.
6:20 of 3rd period - Shot Misses the Net.
6:22 of 3rd period - Shot by J.T. Compher.
6:22 of 3rd period - Stopped by Michael Hutchinson without a rebound.
6:23 of 3rd period - Ryan Carpenter wins face-off versus Josh Norris in Kings zone.
6:58 of 3rd period - Shot by Erik Johnson.
6:58 of 3rd period - Stopped by Michael Hutchinson with a rebound.
7:00 of 3rd period - Shot by J.T. Compher.
7:00 of 3rd period - Stopped by Michael Hutchinson without a rebound.
7:01 of 3rd period - Ryan Carpenter wins face-off versus William Nylander in Kings zone.
7:59 of 3rd period - Shot by Cam Atkinson.
7:59 of 3rd period - Shot Misses the Net.
8:01 of 3rd period - Shot by Cam Atkinson.
8:01 of 3rd period - Shot Misses the Net.
8:03 of 3rd period - Shot by Erik Johnson.
8:03 of 3rd period - Shot Misses the Net.
8:46 of 3rd period - Icing by Nate Schmidt.
8:47 of 3rd period - Nic Dowd wins face-off versus Yanni Gourde in Sharks zone.
8:49 of 3rd period - Icing by Marcus Foligno.
8:50 of 3rd period - Cal Clutterbuck wins face-off versus Yanni Gourde in Sharks zone.
9:05 of 3rd period - Shot by Marcus Foligno.
9:05 of 3rd period - Stopped by Michael Hutchinson without a rebound.
9:06 of 3rd period - Josh Norris wins face-off versus William Karlsson in Kings zone.
9:29 of 3rd period - Icing by Zach Werenski.
9:30 of 3rd period - Ryan Strome wins face-off versus William Karlsson in Kings zone.
9:33 of 3rd period - Shot by Vladimir Tarasenko.
9:33 of 3rd period - Shot Misses the Net.
9:36 of 3rd period - Icing by Alex Pietrangelo.
9:37 of 3rd period - Ryan Strome wins face-off versus William Karlsson in Kings zone.
9:51 of 3rd period - Kyle Connor is hit by Alexander Edler and loses puck.
9:54 of 3rd period - Shot by William Karlsson.
9:54 of 3rd period - Stopped by Mikko Koskinen with a rebound.
10:06 of 3rd period - Minor Penalty to Alexander Edler for Hooking.
10:07 of 3rd period - Teddy Blueger wins face-off versus J.T. Compher in Sharks zone.
10:20 of 3rd period - Shot by Yanni Gourde.
10:20 of 3rd period - Shot Misses the Net.
10:29 of 3rd period - Minor Penalty to Nic Dowd for Hooking.
10:30 of 3rd period - Johnny Gaudreau wins face-off versus J.T. Compher in Sharks zone.
10:31 of 3rd period - Shot by William Karlsson.
10:31 of 3rd period - Goal by William Karlsson - Kings : 7 - Sharks : 5.
10:32 of 3rd period - William Karlsson wins face-off versus J.T. Compher in neutral zone.
11:13 of 3rd period - Kyle Connor is hit by Erik Johnson and loses puck.
11:44 of 3rd period - Shot by Zach Werenski.
11:44 of 3rd period - Deflect By Mike Hoffman.
11:44 of 3rd period - Stopped by Mikko Koskinen with a rebound.
11:46 of 3rd period - Shot by Zach Werenski.
11:46 of 3rd period - Stopped by Mikko Koskinen with a rebound.
11:48 of 3rd period - Shot by Alex Pietrangelo.
11:48 of 3rd period - Shot Misses the Net.
11:50 of 3rd period - Shot by Alex Pietrangelo.
11:50 of 3rd period - Deflect By Brock Boeser.
11:50 of 3rd period - Shot Misses the Net.
12:32 of 3rd period - Shot by Brock McGinn.
12:32 of 3rd period - Stopped by Mikko Koskinen without a rebound.
12:33 of 3rd period - Ryan Strome wins face-off versus David Kampf in Sharks zone.
12:37 of 3rd period - Minor Penalty to Philippe Myers for Roughing.
12:38 of 3rd period - Teddy Blueger wins face-off versus J.T. Compher in Sharks zone.
13:20 of 3rd period - Icing by Yanni Gourde.
13:21 of 3rd period - Johnny Gaudreau wins face-off versus J.T. Compher in Kings zone.
13:52 of 3rd period - Shot by Yanni Gourde.
13:52 of 3rd period - Shot Misses the Net.
14:46 of 3rd period - Shot by Brock McGinn.
14:46 of 3rd period - Stopped by Mikko Koskinen without a rebound.
14:47 of 3rd period - David Kampf wins face-off versus Ryan Strome in Sharks zone.
14:52 of 3rd period - Shot by Brock McGinn.
14:52 of 3rd period - Shot Misses the Net.
14:54 of 3rd period - Shot by Derek Forbort.
14:54 of 3rd period - Shot Misses the Net.
14:56 of 3rd period - Shot by David Kampf.
14:56 of 3rd period - Stopped by Mikko Koskinen without a rebound.
14:57 of 3rd period - Ryan Strome wins face-off versus David Kampf in Sharks zone.
15:12 of 3rd period - Shot by Brock McGinn.
15:12 of 3rd period - Shot Misses the Net.
15:22 of 3rd period - Shot by David Kampf.
15:22 of 3rd period - Shot Blocked by Ryan Strome.
15:24 of 3rd period - Shot by David Kampf.
15:24 of 3rd period - Shot Misses the Net.
15:26 of 3rd period - Shot by Scott Mayfield.
15:26 of 3rd period - Stopped by Mikko Koskinen without a rebound.
15:27 of 3rd period - Josh Norris wins face-off versus William Karlsson in Sharks zone.
15:27 of 3rd period - Josh Norris is hit by Kyle Connor.
15:33 of 3rd period - Johnny Gaudreau is hit by J.T. Compher and loses puck.
15:46 of 3rd period - Shot by Johnny Gaudreau.
15:46 of 3rd period - Deflect By Kyle Connor.
15:46 of 3rd period - Stopped by Mikko Koskinen with a rebound.
16:41 of 3rd period - Shea Weber is hit by J.T. Compher and loses puck.
16:54 of 3rd period - Scott Mayfield is hit by Nic Dowd and loses puck.
17:03 of 3rd period - Shot by Cal Clutterbuck.
17:03 of 3rd period - Shot Misses the Net.
17:07 of 3rd period - Shot by Nic Dowd.
17:07 of 3rd period - Shot Misses the Net.
17:09 of 3rd period - Shot by Cal Clutterbuck.
17:09 of 3rd period - Stopped by Michael Hutchinson with a rebound.
17:21 of 3rd period - Shot by Nic Dowd.
17:21 of 3rd period - Shot Misses the Net.
17:23 of 3rd period - Shot by Marcus Foligno.
17:23 of 3rd period - Shot Misses the Net.
17:38 of 3rd period - Icing by Shea Weber.
17:39 of 3rd period - Luke Glendening wins face-off versus Yanni Gourde in Kings zone.
17:42 of 3rd period - Shot by Tyler Pitlick.
17:42 of 3rd period - Shot Misses the Net.
17:44 of 3rd period - Shot by Tyler Pitlick.
17:44 of 3rd period - Stopped by Michael Hutchinson with a rebound.
17:50 of 3rd period - Shot by Luke Glendening.
17:50 of 3rd period - Shot Misses the Net.
17:52 of 3rd period - Shot by Luke Glendening.
17:52 of 3rd period - Shot Misses the Net.
18:02 of 3rd period - Shot by Tyler Pitlick.
18:02 of 3rd period - Stopped by Michael Hutchinson without a rebound.
18:03 of 3rd period - Teddy Blueger wins face-off versus Ryan Strome in Kings zone.
18:03 of 3rd period - Zach Werenski is hit by William Nylander and loses puck.
18:23 of 3rd period - Shot by Vladimir Tarasenko.
18:23 of 3rd period - Shot Misses the Net.
18:28 of 3rd period - Off-side.
18:29 of 3rd period - Luke Glendening wins face-off versus William Karlsson in neutral zone.
18:39 of 3rd period - Icing by William Karlsson.
18:40 of 3rd period - William Karlsson wins face-off versus J.T. Compher in Kings zone.
18:47 of 3rd period - Shot by Kyle Connor.
18:47 of 3rd period - Stopped by Mikko Koskinen without a rebound.
18:48 of 3rd period - William Karlsson wins face-off versus Josh Norris in Sharks zone.
19:04 of 3rd period - Icing by Josh Morrissey.
19:05 of 3rd period - Teddy Blueger wins face-off versus Josh Norris in Sharks zone.
19:05 of 3rd period - Scott Mayfield is hit by Vladislav Gavrikov and loses puck.
19:08 of 3rd period - Shot by Shea Weber.
19:08 of 3rd period - Shot Misses the Net.
19:10 of 3rd period - Shot by Shea Weber.
19:10 of 3rd period - Shot Misses the Net.
19:12 of 3rd period - Shot by Scott Mayfield.
19:12 of 3rd period - Stopped by Mikko Koskinen without a rebound.
19:13 of 3rd period - Nic Dowd wins face-off versus Yanni Gourde in Sharks zone.
19:29 of 3rd period - Shot by Brock Boeser.
19:29 of 3rd period - Stopped by Mikko Koskinen without a rebound.
19:30 of 3rd period - William Karlsson wins face-off versus Josh Norris in Sharks zone.
19:47 of 3rd period - Shot by Johnny Gaudreau.
19:47 of 3rd period - Stopped by Mikko Koskinen without a rebound.
19:48 of 3rd period - Yanni Gourde wins face-off versus Luke Glendening in Sharks zone.
19:49 of 3rd period - Shot by Mike Hoffman.
19:49 of 3rd period - Stopped by Mikko Koskinen without a rebound.
19:50 of 3rd period - Mike Hoffman wins face-off versus Josh Norris in Sharks zone.
Goals for this period are 1 for Kings vs 0 for Sharks.
Shots for this period are 18 for Kings vs 8 for Sharks.




Output by the SimonT Hockey Simulator (STHS) for Eric Henault - Original Page W3C HTML5 Valid
Hockey Simulator - Hockey Simulation - Hockey Manager